 Dungeon Crawl Stone Soup version 0.24.0-13-gcf9b3192b9 (webtiles) character file.

Game seed: 4807973435918027728, levelgen mode: deterministic

44 Matador8 the Vexing (level 3, -5/16 HPs)
             Began as a Vampire Enchanter on Nov 5, 2019.
             Slain by a hobgoblin
             ... wielding a +0 club
              (7 damage)
             ... on level 1 of the Dungeon.
             The game lasted 00:08:42 (1524 turns).

Matador8 the Vexing (Vampire Enchanter)             Turns: 1524, Time: 00:08:43

Health: -5/16      AC:  2    Str:  7    XL:     3   Next: 41%
Magic:  2/7        EV: 12    Int: 18    God:
Gold:   43         SH:  0    Dex: 14    Spells: 1/8 levels left

rFire    . . .     SeeInvis +   a - +1 dagger
rCold    + + .     Gourm    .   (no shield)
rNeg     + + +     Faith    .   b - +0 robe
rPois    ∞         Spirit   .   (no helmet)
rElec    .         Reflect  .   (no cloak)
rCorr    .         Harm     .   (no gloves)
MR       .....                  (no boots)
Stlth    +++++.....             (no amulet)
HPRegen  0.00/turn              (no ring)
MPRegen  0.10/turn              (no ring)

@: bloodless, regenerating quickly
A: no food, fangs 3, see invisible, [frail 1], unbreathing
a: Bat Form, Revivify


You were on level 1 of the Dungeon.
You were bloodless.

You visited 1 branch of the dungeon, and saw 1 of its levels.

You collected 43 gold pieces.

Inventory:

Hand Weapons
 a - a +1 dagger (weapon)
 f - a +1 dagger of holy wrath
Armour
 b - a +0 robe (worn)
Scrolls
 c - 2 scrolls of fog {unknown}
 d - 2 scrolls of identify {unknown}
 e - a scroll of random uselessness {unknown}
Potions
 g - a potion of degeneration {unknown}
 h - a potion of magic {unknown}
Comestibles
 i - a ration


   Skills:
 - Level 1.3 Short Blades
 - Level 2.1 Dodging
 - Level 4.7 Stealth
 - Level 3.0 Spellcasting
 + Level 0.3 Conjurations
 + Level 4.9 Hexes


You had one spell level left.
You knew the following spells:

 Your Spells              Type           Power        Failure   Level  Hunger
a - Corona                Hex            ###....      2%          1    N/A
b - Confuse               Hex            ###.....     6%          3    N/A
c - Dazzling Spray        Conj/Hex       ##....       17%         3    N/A

Your spell library contained the following spells:

 Spells                   Type           Power        Failure   Level  Hunger
 Tukima's Dance           Hex            ###.....     6%          3    N/A
 Ensorcelled Hibernation  Hex/Ice        ##....       9%          2    N/A

Dungeon Overview and Level Annotations

Branches:
Dungeon (1/15)

Altars:


Innate Abilities, Weirdness & Mutations

You do not eat.
You do not regenerate when monsters are visible.
You are frail without blood (-20% HP).
You can heal yourself when you bite living creatures.
You are immune to poison.
You have razor-sharp teeth.
You have supernaturally acute eyesight. (SInv)
You can survive without breathing.
[You are frail. (-10% HP)]


Message History

The hobgoblin is severely wounded.
The hobgoblin stops glowing.
The hobgoblin hits you with a +0 club.
The kobold throws a stone.
The stone closely misses you.
You see here a stone.
The hobgoblin closely misses you.
Continue your ritual? [Y]es or [N]o only, please.
Continue your ritual? [Y]es or [N]o only, please.
Continue your ritual? [Y]es or [N]o only, please.
Continue your ritual?
You begin the revivification ritual.
You continue your ritual.
The hobgoblin hits you with a +0 club.
* * * LOW HITPOINT WARNING * * *
You continue your ritual.
The hobgoblin hits you but does no damage.
You continue your ritual.
The hobgoblin hits you with a +0 club!
You die...

#.# #.# ##g#
#..# #K##
#.# #(#
##########.#
.......@gKg#
############


You could see 2 hobgoblins and a kobold.

Vanquished Creatures
  2 gnolls (D:1)
  A dart slug (D:1)
  2 bats (D:1)
  2 giant cockroaches (D:1)
  3 goblins (D:1)
  4 hobgoblins (D:1)
  5 kobolds (D:1)
  3 rats (D:1)
22 creatures vanquished.

Notes
Turn   | Place    | Note
-------+----------+-------------------------------------------
     0 | D:1      | Matador8 the Vampire Enchanter began the quest for the Orb.
     0 | D:1      | Reached XP level 1. HP: 13/13 MP: 3/3
   332 | D:1      | Reached XP level 2. HP: 15/15 MP: 3/5
   577 | D:1      | Reached XP level 3. HP: 18/21 MP: 5/7
   709 | D:1      | Learned a level 3 spell: Confuse
   713 | D:1      | Learned a level 3 spell: Dazzling Spray
  1524 | D:1      | Slain by a hobgoblin

Levels and vault maps discovered:
D:1:      nagdon_arrival_zigzag_paths, layout_basic

Skill      XL: |  1  2 |
---------------+-------+-----
Spellcasting   | 3 |  3.0
Short Blades   | |  1.3
Dodging        | |  2.1
Stealth        | |  4.7
Conjurations   | |  0.3
Hexes          | |  4.9

Action                   || total
-------------------------++-------
Melee: Dagger            ||    84
       Bite              ||     7
 Cast: Corona            ||    13
       Confuse           ||     3
       Dazzling Spray    ||     1
 Abil: Exsanguinate      ||     2
       Revivify          ||     2
 Stab: Sleeping          ||     9
Armor: Robe              ||    18
Dodge: Dodged            ||    58
